 Dungeon Crawl Stone Soup version 0.24.1-11-gbbbb2193e6 (webtiles) character file.

Game seed: 3505498538640448372, levelgen mode: deterministic

893 4FPSwarrior the Skirmisher (level 8, -2/67 HPs)
             Began as a Human Wanderer on May 13, 2020.
             Was a Follower of Fedhas.
             Slain by a centaur skeleton (3 damage)
             ... on level 6 of the Dungeon.
             The game lasted 00:18:08 (8044 turns).

4FPSwarrior the Skirmisher (Human Wanderer)         Turns: 8044, Time: 00:18:08

Health: -2/67      AC:  5    Str: 11    XL:     8   Next: 27%
Magic:  8/8        EV:  9    Int: 18    God:    Fedhas [*.....]
Gold:   143        SH:  0    Dex: 11    Spells: 6/7 levels left

rFire    . . .     SeeInvis .   a - +2 dagger
rCold    . . .     Gourm    .   (no shield)
rNeg     . . .     Faith    .   p - +0 ring mail
rPois    .         Spirit   .   (no helmet)
rElec    .         Reflect  .   (no cloak)
rCorr    .         Harm     .   (no gloves)
MR       .....                  (no boots)
Stlth    ++........             (no amulet)
HPRegen  0.21/turn              (no ring)
MPRegen  0.11/turn              (no ring)

@: no status effects
A: no striking features
a: Renounce Religion


You were on level 6 of the Dungeon.
You worshipped Fedhas.
Fedhas was aware of your devotion.
You were not hungry.

You visited 1 branch of the dungeon, and saw 6 of its levels.

You collected 304 gold pieces.
You spent 161 gold pieces at shops.

Inventory:

Hand Weapons
 a - a +2 dagger (weapon)
 c - a +0 falchion
Missiles
 i - 280 stones
 u - a curare-tipped dart (quivered)
 v - 10 poisoned darts
Armour
 e - a +0 robe
 l - a +0 leather armour
 p - a +0 ring mail (worn)
Wands
 b - a wand of enslavement (5)
 y - a wand of flame (30)
Scrolls
 g - 4 scrolls of identify
 j - a scroll of amnesia
 k - 2 scrolls of blinking {unknown}
 m - a scroll of magic mapping {unknown}
 q - 2 scrolls of noise
 t - 2 scrolls of enchant weapon
 w - a scroll of fog {unknown}
 A - a scroll of enchant armour {unknown}
Potions
 d - 3 potions of lignification
 h - 2 potions of curing
 n - 3 potions of agility
 o - 2 potions of cancellation
 r - 2 potions of might
 s - a potion of mutation {unknown}
 x - a potion of berserk rage {unknown}
 z - 2 potions of flight
Comestibles
 f - 13 rations
 B - 4 chunks of flesh


   Skills:
 + Level 7.1 Fighting
 + Level 4.8(4.9) Short Blades
 - Level 1.0(3.1) Long Blades
   Level 1.0 Axes
 - Level 1.0 Throwing
 + Level 5.3 Stealth
 + Level 1.5 Hexes
 - Level 1.0 Evocations


You had 6 spell levels left.
You knew the following spells:

 Your Spells              Type           Power        Failure   Level  Hunger
a - Corona                Hex            #......      28%         1    ##.....

Your spell library contained the following spells:

 Spells                   Type           Power        Failure   Level  Hunger
 Slow                     Hex            #.......     41%         2    ###....
 Inner Flame              Hex/Fire       #.......     75%         3    ####...
 Portal Projectile        Hex/Tloc       #.....       75%         3    ####...
 Cause Fear               Hex            #.........   96%         4    #####..
 Leda's Liquefaction      Hex/Erth       #.........   98%         4    #####..


Dungeon Overview and Level Annotations

Branches:
Dungeon (6/15)
 Temple: D:4-7

Altars:
Elyvilon
Fedhas

Shops:
D:5 *   D:6 =

Annotations:
D:4 2 runed translucent doors, Edmund; Ijyb; Menkaure; Peloso's ghost, amateur DsFi


Message History

The wyvern skeleton is moderately damaged.
The wyvern skeleton barely misses you. The centaur skeleton hits you.
You hit the wyvern skeleton.
The wyvern skeleton is heavily damaged.
The wyvern skeleton bites you.
The centaur skeleton completely misses you.
You hit the wyvern skeleton.
The wyvern skeleton is heavily damaged.
The wyvern skeleton bites you! The centaur skeleton hits you.
You hit the wyvern skeleton.
The wyvern skeleton is heavily damaged.
The wyvern skeleton bites you.
* * * LOW HITPOINT WARNING * * *
The centaur skeleton hits you.
* * * LOW HITPOINT WARNING * * *
The wyvern skeleton bites you!
* * * LOW HITPOINT WARNING * * *
The centaur skeleton hits you.
You die...
Fedhas appreciates your contribution to the ecosystem.

. ..................#
##...................#
....#..#....
..............
...##.....###.........Z...
...........##.......>....#
....#...................#
..............ZZ..# ....
#<......@.####..# .
###...#......#.##....
#...####.....$......
.......# #............
...#......#............
....#...........##.....#
... ##.........#......##
#. #........##..$####
........ ..##


You could see a wyvern skeleton and a centaur skeleton.

Vanquished Creatures
  A phantom (D:5)
  An ogre (D:4)
  A bullfrog (D:5)
  2 scorpions
  A howler monkey (D:5)
  An orc priest (D:5)
  2 orc wizards (D:6)
  A hound (D:5)
  4 worker ants
  3 iguanas
  A hound skeleton (D:6)
  A worker ant zombie (D:5)
  7 adders
  A shadow imp (D:5)
  3 oozes
  An adder zombie (D:5)
  4 worms
  2 dart slugs
  A leopard gecko (D:1)
  14 orcs
  A ball python (D:6)
  11 bats
  6 giant cockroaches
  4 goblins
  6 hobgoblins
  3 jackals
  11 kobolds
  2 quokkas
  5 frilled lizards
  A leopard gecko skeleton (D:4)
  8 rats
110 creatures vanquished.

Notes
Turn   | Place    | Note
-------+----------+-------------------------------------------
     0 | D:1      | 4FPSwarrior the Human Wanderer began the quest for the Orb.
     0 | D:1      | 4FPSwarrior set off with the following items: a +2 dagger,
                  | a curare-tipped dart, a +0 falchion, a potion of
                  | lignification, a +0 robe, a ration
     0 | D:1      | Reached XP level 1. HP: 21/21 MP: 1/1
    96 | D:1      | Reached XP level 2. HP: 27/27 MP: 2/2
   111 | D:1      | Reached skill level 1 in Short Blades
   598 | D:1      | Reached XP level 3. HP: 27/33 MP: 3/3
  1783 | D:2      | Reached XP level 4. HP: 34/39 MP: 4/4
  2675 | D:3      | Found a white marble altar of Elyvilon.
  3272 | D:3      | Found a blossoming altar of Fedhas.
  3320 | D:3      | Reached XP level 5. HP: 45/45 MP: 5/5
  3331 | D:3      | Became a worshipper of Fedhas Madash
  4066 | D:4      | Noticed Edmund
  4075 | D:4      | Noticed Menkaure
  4389 | D:4      | Found a runed translucent door.
  4394 | D:4      | Noticed Peloso's ghost (amateur DsFi)
  4424 | D:4      | Noticed an ogre
  4429 | D:4      | Killed an ogre
  4429 | D:4      | Reached skill level 6 in Fighting
  4429 | D:4      | Reached XP level 6. HP: 52/52 MP: 6/6
  4773 | D:4      | Noticed Ijyb
  4791 | D:4      | Found a runed translucent door.
  5227 | D:4      | Reached XP level 7. HP: 21/59 MP: 7/7
  5607 | D:5      | Entered Level 5 of the Dungeon
  5939 | D:5      | Found Yschi's Assorted Antiques.
  5943 | D:5      | Bought a metallic ruby potion for 29 gold pieces
  5943 | D:5      | Bought a lead wand for 132 gold pieces
  7054 | D:6      | Learned a level 1 spell: Corona
  7056 | D:6      | Reached * piety under Fedhas
  7094 | D:5      | Reached skill level 5 in Stealth
  7298 | D:6      | Reached XP level 8. HP: 48/65 MP: 8/8
  7303 | D:6      | Reached skill level 7 in Fighting
  7686 | D:6      | Reached skill level 1 in Hexes
  7802 | D:6      | Found Plog's Jewellery Emporium.
  8044 | D:6      | HP: 1/67 [wyvern skeleton (13)]
  8044 | D:6      | Slain by a centaur skeleton

Levels and vault maps discovered:
D:1:      dpeg_arrival_long_road, layout_basic, minmay_misc_feat_more_columns
D:2:      layout_loops_ring, minmay_misc_feat_four_crosses, minmay_tetromino_t4
D:3:      layout_rooms, elyvilon_altar_3, fedhas_ov_isle_minmay
D:4:      layout_loops_corners, ebering_ghost_sewer_f, uniq_edmund,
          uniq_menkaure, uniq_ijyb
D:5:      layout_loops_ring, gup_sewer_entry_glass, serial_shops,
          shop_fountains, first_ration
D:6:      layout_cave_pools, serial_shops, shop

Skill      XL: |  1  2  3  4  5  6  7  8 |
---------------+-------------------------+-----
Short Blades   | 1 2 3 4 |  4.8
Stealth        | 2 3 4 5 |  5.3
Fighting       | 6 7 |  7.1
Hexes          | 1 |  1.5
Long Blades    | |  1.0
Axes           | |  1.0
Throwing       | |  1.0
Evocations     | |  1.0

Action                   |  1- 3 |  4- 6 |  7- 9 || total
-------------------------+-------+-------+-------++-------
Melee: Dagger            |   152 |   235 |   265 ||   652
Throw: Dart              |     2 |     7 |    27 ||    36
       Stone             |       |     7 |     4 ||    11
 Cast: Corona            |       |       |     1 ||     1
  Use: Scroll            |       |     5 |     5 ||    10
       Potion            |       |       |     4 ||     4
 Stab: Sleeping          |       |     2 |     1 ||     3
  Eat: Chunk             |     2 |    12 |     9 ||    23
Armor: Robe              |     8 |       |       ||     8
       Leather armour    |    27 |       |       ||    27
       Ring mail         |    27 |    75 |    62 ||   164
Dodge: Dodged            |    86 |   100 |   106 ||   292
